 Dungeon Crawl Stone Soup version 0.18-a0-1027-g814d7dd (webtiles) character file.

23 Scytalen the Stinger (level 3, -3/28 HPs)
             Began as a Naga Venom Mage on Jan 8, 2016.
             Was an Initiate of Cheibriados.
             Slain by an adder (4 damage)
             ... on level 2 of the Dungeon.
             The game lasted 00:05:45 (1259 turns).

Scytalen the Stinger (Naga Venom Mage)              Turns: 1259, Time: 00:05:46

Health: -3/28      AC:  2    Str: 11    XL:     3   Next: 0%
Magic:  0/6        EV: 10    Int: 17    God:    Cheibriados [......]
Gold:   39         SH:  0    Dex: 12    Spells: 1 memorised, 5 levels left

rFire  . . .     SeeInvis +     (no weapon)
rCold  . . .     Gourm    .     a - +0 robe
rNeg   . . .     Faith    .     (no shield)
rPois  +         Spirit   .     (no helmet)
rElec  .         Dismiss  .     (no cloak)
rCorr  .         Reflect  .     (no gloves)
SustAt .         Harm     .     (no barding)
MR     .....                    (no amulet)
Stlth  ++........               (no ring)
                                (no ring)

@: lethally poisoned (-3 -> -6), very slightly contaminated, very slow, not
resistant to hostile enchantments, unstealthy
A: see invisible, deformed body, poison resistance, slowness 2, slow metabolism
1, spit poison 2, AC +1
a: Spit Poison, Bend Time, Renounce Religion


You were on level 2 of the Dungeon.
You worshipped Cheibriados.
Cheibriados was noncommittal.
You were not hungry.

You visited 1 branch of the dungeon, and saw 2 of its levels.

You collected 39 gold pieces.

Inventory:

Missiles
 g - 55 stones (quivered)
 j - 18 sling bullets
Armour
 a - a +0 robe (worn)
Scrolls
 d - a scroll of fog
 e - a scroll of magic mapping
 h - 2 scrolls of identify
 i - a scroll of remove curse
Potions
 k - a potion of cancellation
Books
 b - a Young Poisoner's Handbook

   Spells                             Type                      Level
   a - Sting                          Conjuration/Poison           1
   b - Cure Poison                    Poison                       2
   c - Mephitic Cloud                 Conjuration/Poison/Air       3
   d - Olgreb's Toxic Radiance        Poison                       4
   e - Venom Bolt                     Conjuration/Poison           5
Comestibles
 c - 2 bread rations
 f - 2 meat rations


   Skills:
 - Level 1.5 Dodging
 - Level 3.0 Stealth
 - Level 2.0 Spellcasting
 + Level 0.2 Conjurations
 + Level 6.4 Poison Magic


You had 5 spell levels left.
You knew the following spells:

 Your Spells              Type           Power        Failure   Level  Hunger
a - Sting                 Conj/Pois      ##..         6%          1    #......


Dungeon Overview and Level Annotations

Branches:
Dungeon (2/15)

Altars:
Cheibriados

Annotations:
D:2 exclusion: adder


Innate Abilities, Weirdness & Mutations

You cannot wear boots.
Your serpentine skin is tough (AC +1).
You have supernaturally acute eyesight.
Armour fits poorly on your strangely shaped body.
Your system is resistant to poisons.
You cover ground very slowly.
You have a slow metabolism.
You can spit poison.


Message History

You hit the adder.
The adder is almost dead.
The adder barely misses you. The kobold hits you.
* * * LOW HITPOINT WARNING * * *
The adder barely misses you.
Casting: Sting
Confirm with . or Enter, or press ? or * to list all spells.
Aiming: Sting
Press: ? - help, Shift-Dir - straight line, f/p - adder
Aim: an adder (almost dead)
You miscast Sting.
You are very lightly contaminated with residual magic.
Nothing appears to happen.
You feel sick. The kobold hits you.
* * * LOW HITPOINT WARNING * * *
The adder barely misses you.
You take 5 damage, and have 1/28 hp.
You now have 0/6 mp.
You completely miss the adder.
The adder is almost dead.
The kobold misses you. The adder bites you.
You die...

#......##...##...#
#...........####.#
#.#######...####.#
#.# ###...#....#
.. #.......#### ##
#.#...#####
#.#._.....#
#.....###.###
#....@.......
#.###SK...... ...
.g.)..... ###
##........
#.####### #.# #..
##.


You could see an adder, a goblin and a kobold.

Vanquished Creatures
  An ooze (D:1)
  A giant gecko (D:1)
  2 giant cockroaches (D:1)
  2 goblins (D:1)
  A hobgoblin (D:2)
  A ball python (D:1)
  3 bats (D:1)
  A giant newt (D:1)
  3 kobolds (D:1)
  5 rats (D:1)
20 creatures vanquished.

Vanquished Creatures (others)
  7 toadstools (D:1)
7 creatures vanquished.

Grand Total: 27 creatures vanquished

Notes
Turn   | Place    | Note
--------------------------------------------------------------
     0 | D:1      | Scytalen the Naga Venom Mage began the quest for the Orb.
     0 | D:1      | Reached XP level 1. HP: 15/15 MP: 3/3
   165 | D:1      | Reached XP level 2. HP: 1/22 MP: 0/5
   526 | D:1      | Reached skill level 6 in Poison Magic
  1225 | D:2      | Found a snail-covered altar of Cheibriados.
  1232 | D:2      | Reached XP level 3. HP: 28/28 MP: 3/6
  1234 | D:2      | Became a worshipper of Cheibriados the Contemplative
  1258 | D:2      | HP: 1/28 [kobold (4)]
  1259 | D:2      | Slain by an adder

Vault maps used:
D:1:      nagdon_arrival_double_spiral
D:2:      cheibriados_altar_1, uniq_terence

Action                   || total
-------------------------++-------
Melee: Unarmed           ||    26
Throw: Stone             ||    10
 Cast: Sting             ||    39
 Abil: Spit Poison       ||     4
  Use: Scroll            ||     4
  Eat: Chunk             ||     1
